 Dungeon Crawl Stone Soup version 0.31-a0-703-gcfe89afef6 (webtiles) character file.

Game seed: 4384802934532322369

917 cforsyth the Trooper (level 8, -7/68 HPs)
             Began as a Djinni Chaos Knight on Sept 9, 2023.
             Was a Plaything of Xom.
             Killed by divine providence
             ... invoked by an orc priest
              (15 damage)
             ... on level 5 of the Dungeon.
             The game lasted 00:09:15 (4050 turns).

cforsyth the Trooper (Djinni Chaos Knight)          Turns: 4050, Time: 00:09:16

Health: -7/68      AC:  9    Str: 17    XL:     8   Next: 31%
Gold:   152        EV: 26    Int: 15    God:    Xom [.*....] SH:  5 Dex: 14

rFire   + + .        a - +0 falchion (chaos)
rCold   x . .        s - +0 buckler
rNeg    . . .        b - +3 leather armour
rPois   ∞            (helmet restricted)
rElec   .            (no cloak)
rCorr   .            e - +2 pair of gloves
SInv    +            (boots unavailable)
Will    .....        t - amulet of the acrobat
Stlth   +            m - ring of see invisible
HPRegen 0.31/turn    v - +6 ring of strength
MPRegen 0.00/turn

%: acrobat, infuse magic (-8 HP)
@: weakened, acrobatic, attractive, flying
A: sickness immunity, fire resistance 2, cold vulnerability 1, float, innate
caster, HP casting, extra vitality 1, antennae 1, robust 1
a: Renounce Religion


You were on level 5 of the Dungeon.
You worshipped Xom.
You were a plaything of Xom.
You visited 1 branch of the dungeon, and saw 6 of its levels.

You collected 152 gold pieces.

Inventory:

Hand Weapons
 a - a +0 falchion of chaos (weapon)
Armour
 b - a +3 leather armour (worn)
 e - a +2 pair of gloves (worn)
 s - a +0 buckler (worn)
Jewellery
 m - a ring of see invisible (left hand)
 t - an amulet of the acrobat (around neck)
 v - a +6 ring of strength (right hand)
Wands
 j - a wand of charming (1)
 r - a wand of digging (5)
Scrolls
 f - a scroll of identify
Potions
 c - a potion of enlightenment {unknown}
 d - a potion of attraction
 h - a potion of cancellation {unknown}
 i - a potion of invisibility {unknown}
 l - a potion of degeneration {unknown}
 n - 2 potions of mutation
 o - 3 potions of haste {unknown}
 p - a potion of lignification {unknown}
 u - a potion of brilliance {unknown}


   Skills:
 + Level 6.4 Fighting
 - Level 2.6 Long Blades
 - Level 1.0 Armour
 - Level 2.1 Dodging
 + Level 4.3 Shields
 + Level 3.6 Spellcasting
 + Level 3.6 Conjurations
 + Level 3.6 Hexes
   Level 0.0 Charms
 + Level 3.6 Summonings
 + Level 3.6 Necromancy
 + Level 3.6 Translocations
 + Level 3.6 Transmutations
 + Level 3.6 Fire Magic
 + Level 3.6 Ice Magic
 + Level 3.6 Air Magic
 + Level 3.6 Earth Magic
 + Level 3.6 Poison Magic


You knew the following spells:

 Your Spells              Type           Power      Damage    Failure   Level
a - Foxfire               Conj/Fire      52%        2x1d6     7%          1
b - Blink                 Tloc           26%        N/A       10%         2
c - Hailstorm             Conj/Ice       13%        3d5       21%         3
Your spell library was empty.

Dungeon Overview and Level Annotations

Branches:
Dungeon (6/15)
 Temple: D:4-7

Altars:
Elyvilon
Okawaru

Annotations:
D:3 2 transporters, osoart's ghost, amateur DrSh
D:6 Dowan; Duvessa


Innate Abilities, Weirdness & Mutations

You are immune to sickness and miasma.
You are immune to poison.
Your flesh is very heat resistant. (rF++)
You are vulnerable to cold. (rC-)
You float through the air rather than walking.
You learn spells naturally, not from books.
Your magical power is your life essence.
You have superior vitality. (+4 MHP)
You have a pair of small antennae on your head.
You are robust. (+10% HP)


Message History

An iguana comes into view.
The iguana closely misses you. The gnoll attacks as it pursues you!
The gnoll completely misses you. The gnoll attacks as it pursues you!
The gnoll misses you.
There is a stone staircase leading up here.
You block the gnoll's attack.
You fly upwards.
The orc priest begins to cast a cantrip, but forgets the words!
The orc priest looks braver for a moment.
The gnoll bouda barks out a call to the hunt!
The gnolls pick up the pace!
The orc priest invokes the aid of Beogh against you.
Beogh smites you!
There is a stone staircase leading down here.
Okay, then.
The gnoll attacks as it pursues you! The gnoll misses you.
The gnoll hits you with a +0 flail.
The gnoll bouda barks out a call to the hunt!
The gnoll attacks as it pursues you!
The gnoll hits you from afar with a +0 spear.
The gnoll attacks as it pursues you! The gnoll closely misses you.
The gnoll misses you.
The orc priest mumbles some strange prayers to Beogh against you.
Beogh smites you! You block the gnoll's attack. The gnoll misses you.
The gnoll barely misses you.
The gnoll bouda gazes fiercely through you!
You feel your attacks grow feeble. You block the gnoll's attack.
The gnoll hits you but does no damage.
The orc priest looks satisfied for a moment.
The orc priest mumbles some strange prayers to Beogh against you.
Beogh smites you!
* * * LOW HITPOINT WARNING * * *
Something unseen opens the door.
The gnoll completely misses you.
There is an open door here.
Xom smiles on you.
You feel attractive to monsters.
The orc priest mumbles some strange prayers to Beogh against you.
Beogh smites you!
You die...
Xom bursts into laughter!

##################
#.......<........+
#.............>..#
#................#
#######..##..###+##
#....##..##..##
#....#...#....#
#....#...#....#
#....#@..#....#.......
#....#g..#....#...<...
#....ggg.#....#.......
#...o##'###...#.......
#...o..o.o#####.......
#.......og............
###+#..............o..
#..'...(.....o....(..
#..#.........o.o.....


You could see a gnoll bouda, 2 orc priests, 4 gnolls and 2 orcs.

Vanquished Creatures
  A steam dragon (D:6)
  A bullfrog (D:6)
  2 scorpions
  3 hounds (D:4)
  2 jellies
  Jessica (D:3)
  Natasha (thrice) (D:4)
  2 iguanas (D:4)
  5 adders
  6 gnolls
  A shadow imp (D:3)
  3 dart slugs
  An orc (D:3)
  12 ball pythons
  5 endoplasms
  4 giant cockroaches
  4 goblins
  6 hobgoblins
  4 jackals (D:3)
  6 quokkas
  6 bats
  8 frilled lizards
  13 kobolds
  7 rats
106 creatures vanquished.

Vanquished Creatures (collateral kills)
  A phantom (D:6)
  A scorpion (D:6)
2 creatures vanquished.

Vanquished Creatures (others)
  A water moccasin (D:6)
  53 foxfires
54 creatures vanquished.

Grand Total: 162 creatures vanquished

Notes
Turn   | Place    | Note
-------+----------+-------------------------------------------
     0 | D:1      | cforsyth the Djinni Chaos Knight began the quest for the
                  | Orb.
     0 | D:1      | Reached XP level 1. HP: 20/20 MP: 0/0
    50 | D:1      | XOM: silly message
    75 | D:1      | Reached XP level 2. HP: 22/25 MP: 0/0
    77 | D:1      | XOM: divination: detect items
   257 | D:1      | Reached skill level 1 in Spellcasting
   257 | D:1      | Reached skill level 1 in Conjurations
   257 | D:1      | Reached skill level 1 in Hexes
   257 | D:1      | Reached skill level 1 in Summonings
   257 | D:1      | Reached skill level 1 in Necromancy
   257 | D:1      | Reached skill level 1 in Translocations
   257 | D:1      | Reached skill level 1 in Transmutations
   257 | D:1      | Reached skill level 1 in Fire Magic
   257 | D:1      | Reached skill level 1 in Ice Magic
   257 | D:1      | Reached skill level 1 in Air Magic
   257 | D:1      | Reached skill level 1 in Earth Magic
   257 | D:1      | Reached skill level 1 in Poison Magic
   288 | D:1      | Reached XP level 3. HP: 29/30 MP: 0/0
   288 | D:1      | Learned a level 1 spell: Foxfire
   632 | D:1      | XOM: god gift: staff of death
   795 | D:2      | XOM: fake destruction
   935 | D:2      | Reached XP level 4. HP: 33/37 MP: 0/0
   980 | D:2      | XOM: god gift: smoky dark potion {god gift}
  1045 | D:2      | Reached skill level 4 in Fighting
  1595 | D:3      | Found a transporter.
  1599 | D:3      | Noticed osoart's ghost (amateur DrSh)
  1623 | D:3      | Noticed Jessica
  1627 | D:3      | Killed Jessica
  1628 | D:3      | Reached XP level 5. HP: 42/42 MP: 0/0
  1628 | D:3      | Learned a level 2 spell: Blink
  1791 | D:3      | Found a transporter.
  2140 | D:4      | Found an iron altar of Okawaru.
  2262 | D:4      | XOM: enchant monster (good)
  2267 | D:4      | Reached skill level 1 in Shields
  2267 | D:4      | Reached XP level 6. HP: 46/48 MP: 0/0
  2501 | D:4      | Noticed Natasha
  2508 | D:4      | Killed Natasha
  2526 | D:4      | XOM: 1-stop teleportation journey
  2543 | D:4      | XOM: blink monster(s)
  2555 | D:4      | XOM: swap monsters
  2566 | D:4      | XOM: enchant monster (good)
  2580 | D:4      | XOM: swap monsters
  2584 | D:4      | XOM: summons 3 friendly demons
  2960 | D:3      | Reached skill level 5 in Fighting
  3230 | D:3      | Reached XP level 7. HP: 52/54 MP: 0/0
  3230 | D:3      | Learned a level 3 spell: Hailstorm
  3236 | D:4      | XOM: scenery: 1 doors close
  3451 | D:4      | Noticed Natasha
  3463 | D:4      | Killed Natasha
  3483 | D:4      | Noticed Natasha
  3486 | D:4      | XOM: confuse monster(s)
  3495 | D:4      | Killed Natasha
  3828 | D:5      | Entered Level 5 of the Dungeon
  3941 | D:5      | Noticed a water moccasin
  3947 | D:5      | XOM: noise
  3968 | D:6      | XOM: confusion (+ monsters)
  3981 | D:6      | Found a white marble altar of Elyvilon.
  3992 | D:6      | Gained mutation: You have a pair of small antennae on your
                  | head. [potion of mutation]
  3992 | D:6      | Gained mutation: You are robust. (+10% HP) [potion of
                  | mutation]
  3992 | D:6      | XOM: divination: detect creatures
  3995 | D:6      | Noticed a steam dragon
  4007 | D:6      | HP: 3/60 [scorpion (2)]
  4007 | D:6      | HP: 1/60 [gnoll/+0 flail[a gnoll bouda] (2)]
  4008 | D:6      | Reached skill level 6 in Fighting
  4008 | D:6      | Reached XP level 8. HP: 2/67 MP: 0/0
  4008 | D:6      | Noticed Duvessa
  4011 | D:6      | Noticed Dowan
  4050 | D:5      | XOM: potion effect (attraction)
  4050 | D:5      | Killed from afar by an orc priest

Illustrated notes

Levels and vault maps discovered:
D:1:      dpeg_arrival_prison, layout_basic, minmay_tromino_i2
D:2:      layout_basic
D:3:      layout_basic, gammafunk_ghost_stat_death,
          chequers_serial_rivers_small_a, uniq_jessica
D:4:      layout_basic, kennysheep_little_box, fiery_altar_vehumet, uniq_natasha
D:5:      layout_gridville, nicolae_elemental_shop
D:6:      layout_rooms, elyvilon_altar_1, gammafunk_ghost_necromancy,
          minmay_misc_feat_more_columns, uniq_duvessa

Skill      XL: |  1  2  3  4  5  6  7  8 |
---------------+-------------------------+-----
Spellcasting   | 1 2 3 |  3.6
Conjurations   | 1 2 3 |  3.6
Hexes          | 1 2 3 |  3.6
Summonings     | 1 2 3 |  3.6
Necromancy     | 1 2 3 |  3.6
Translocations | 1 2 3 |  3.6
Transmutations | 1 2 3 |  3.6
Fire Magic     | 1 2 3 |  3.6
Ice Magic      | 1 2 3 |  3.6
Air Magic      | 1 2 3 |  3.6
Earth Magic    | 1 2 3 |  3.6
Poison Magic   | 1 2 3 |  3.6
Fighting       | 4 5 6 |  6.4
Shields        | 1 2 3 4 |  4.3
Long Blades    | |  2.6
Armour         | |  1.0
Dodging        | |  2.1

Action                     |  1- 3 |  4- 6 |  7- 9 || total
---------------------------+-------+-------+-------++-------
  Melee: Falchion          |    91 |   192 |    77 ||   360
         Punch             |     1 |       |       ||     1
   Cast: Foxfire           |    21 |     8 |       ||    29
         Hailstorm         |       |       |    10 ||    10
  Evoke: Wand              |       |       |     5 ||     5
    Use: Scroll            |       |     7 |     1 ||     8
         Potion            |       |       |     5 ||     5
   Stab: Sleeping          |       |     1 |       ||     1
         Petrified         |       |     3 |       ||     3
 Armour: Leather armour    |    85 |   147 |    87 ||   319
  Dodge: Dodged            |    85 |   139 |   101 ||   325
  Block: Buckler           |       |    36 |    37 ||    73

Table legend: (Time is in decaauts)
 A = Elapsed time spent in this place.
 B = Non-inter-level travel time spent in this place.
 C = Inter-level travel time spent in this place.
 D = Time resting spent in this place.
 E = Time spent auto-exploring this place.
 F = Levels seen in this place.
 G = Mean time per level.
                   A        B        C        D        E       F      G
               +--------+--------+--------+--------+--------+-----+--------+
         Total |   4135 |   4036 |     99 |    462 |   2596 |   6 |  689.2 |
       Dungeon |   4135 |   4036 |     99 |    462 |   2596 |   6 |  689.2 |
               +--------+--------+--------+--------+--------+-----+--------+

Top non-repeatable levels by time:
     D:4: 1242 daAuts
     D:3: 1099 daAuts
     D:2: 783 daAuts
     D:1: 783 daAuts
     D:5: 134 daAuts
     D:6: 92 daAuts
